Map: Port Aleksander LE

Players

Mesrob

  • Race: Terran Terran
  • Spawn Location: 5:00

Riot - Winner!

  • Race: Zerg Zerg
  • Spawn Location: 11:00

VOD

Have the link to the VOD?

Description

Time

  • Played on: Jan. 9, 2019, 4:16 p.m.
  • Length: 15:46
Show
View Real Time Build Order
Export as new Build Order

Mesrob Terran 

Build Orders: Mech 

Get SALT Encoding   

  12  0:01  SCV  
  13  0:13  SCV  
  14  0:18  Supply Depot  
  14  0:26  SCV  
  15  0:40  SCV  
  15  0:41  Barracks  
  16  0:46  Refinery  
  16  0:52  SCV  
  17  1:04  SCV  
  18  1:16  SCV  
  19  1:28  SCV  
  19  1:29  Supply Depot  
  20  1:41  Barracks Tech Lab  
  20  1:52  Command Center  
  20  1:53  SCV  
  21  2:05  Factory  
  21  2:06  Marine  
  22  2:19  Orbital Command  
  22  2:38  Barracks Tech Lab  
  22  2:49  SCV  
  23  2:56  Supply Depot  
  23  3:01  SCV  
  23  3:03  Siege Tank  
  27  3:08  Marine  
  28  3:28  Refinery  
  28  3:29  SCV  
  28  3:31  Supply Depot  
  29  3:37  Factory  
  29  3:41  SCV  
  29  3:44  Orbital Command  
  30  3:52  Bunker  
  30  3:53  SCV  
  31  4:05  SCV  
  32  4:15  Supply Depot  
  32  4:17  Barracks Tech Lab, Engineering Bay, SCV  
  33  4:25  SCV  
  33  4:28  Refinery, Siege Tank  
  37  4:35  Factory  
  37  4:38  SCV  
  38  4:43  Marine  
  39  4:51  Armory  
  39  5:00  SCV x2  
  39  5:01  Marine  
  42  5:11  Supply Depot  
  42  5:12  SCV x2  
  44  5:22  Factory Tech Lab  
  44  5:27  Factory  
  44  5:28  Cyclone  
  44  5:34  Refinery, SCV  
  48  5:46  SCV  
  48  5:49  Thor  
  55  5:59  SCV  
  55  6:00  SCV  
  57  6:06  Cyclone  
  57  6:07  Hellbat  
  57  6:09  Marine  
  63  6:11  SCV  
  63  6:13  Supply Depot  
  63  6:14  SCV  
  65  6:24  SCV  
  66  6:26  SCV  
  66  6:27  Marine  
  66  6:29  Hellbat  
  66  6:32  Command Center  
  70  6:36  SCV  
  70  6:38  SCV  
  71  6:44  Thor  
  71  6:46  Hellbat  
  79  6:48  SCV  
  80  7:03  Thor  
  80  7:07  Supply Depot  
  86  7:21  Factory Reactor  
  86  7:29  Marine, SCV x2, Cyclone  
  92  7:31  Supply Depot  
  92  7:41  SCV x2  
  94  7:50  Refinery  
  94  7:52  Thor  
  94  7:53  Hellbat  
  94  7:54  Supply Depot, SCV  
  94  7:56  Marine  
  94  7:57  Supply Depot  
  102  7:59  SCV  
  101  8:07  SCV  
  102  8:13  SCV  
  102  8:19  SCV  
  95  8:25  SCV  
  91  8:30  Widow Mine  
  91  8:31  Thor  
  87  8:35  Thor  
  93  8:51  Thor  
  99  9:03  SCV  
  99  9:04  SCV  
  101  9:13  Command Center  
  101  9:15  SCV  
  102  9:25  Siege Tank x2  
  102  9:28  Marine  
  102  9:30  Hellbat x2  
  113  9:35  Supply Depot  
  113  9:44  Supply Depot  
  113  9:46  Marine  
  114  9:55  Refinery  
  114  9:56  Thor  
  114  9:58  Supply Depot  
  120  10:08  Supply Depot  
  120  10:09  Siege Tank, Thor  
  120  10:11  Hellbat  
  131  10:18  SCV  
  131  10:19  SCV  
  131  10:20  Refinery, Supply Depot  
  132  10:39  Thor  
  132  10:42  Command Center  
  138  10:44  Thor  
  144  10:52  Thor  
  150  10:59  SCV  
  150  11:00  SCV  
  119  11:22  Hellbat  
  113  11:27  Hellbat  
  115  11:35  Hellbat  
  117  11:43  Command Center, Thor  
  123  11:48  Thor  
  129  11:56  Planetary Fortress  
  129  11:59  SCV  
  129  12:00  SCV  
  131  12:11  SCV  
  131  12:12  SCV  
  133  12:23  SCV  
  133  12:24  SCV  
  135  12:35  SCV  
  135  12:36  SCV  
  137  12:48  Siege Tank x2, Thor  
  137  12:49  Hellbat  
  137  12:50  Hellbat  
  137  12:51  Marine  
  153  12:53  Refinery  
  153  12:55  Supply Depot  
  154  13:06  Planetary Fortress  
  154  13:09  Marine  
  154  13:11  Hellbat  
  154  13:12  Hellbat  
  159  13:16  Refinery  
  159  13:20  Thor x2  
  159  13:26  Marine  
  172  13:30  Supply Depot  
  172  13:31  Thor  
  172  13:32  Hellbat  
  172  13:33  Hellbat  
  182  13:36  Factory  
  182  13:38  Supply Depot  
  182  13:44  Marine  
  158  13:53  Hellbat  
  158  13:54  Hellbat  
  137  14:02  Marine, Thor  
  136  14:04  Thor  
  148  14:14  Thor  
  148  14:15  Hellbat  
  148  14:16  SCV  
  159  14:17  SCV x3  
  159  14:20  Marine  
  161  14:28  SCV  
  161  14:29  SCV x2  
  135  14:39  Hellbat x2  
  135  14:41  SCV  
  135  14:42  Factory Reactor  
  135  14:45  Thor  
  125  14:47  Thor  
  132  14:53  SCV  
  132  14:57  Hellbat  
  120  15:00  Hellbat x2  
  120  15:05  SCV  
  98  15:18  Hellbat  
  79  15:22  Hellbat x2  
Show
View Real Time Build Order
Export as new Build Order

Riot Zerg - Winner!

Build Orders: Hatch First, Swarm Host 

Get SALT Encoding   

  12  0:04  Drone  
  13  0:12  Drone  
  14  0:17  Overlord  
  14  0:36  Drone x2  
  16  0:44  Drone  
  17  0:58  Hatchery, Drone  
  17  1:13  Extractor  
  17  1:15  Spawning Pool  
  17  1:16  Drone  
  16  1:24  Drone x2  
  18  1:31  Drone  
  19  1:40  Overlord  
  19  2:00  Drone  
  20  2:09  Queen  
  20  2:10  Queen  
  24  2:21  Zergling x4  
  26  2:23  Metabolic Boost  
  26  2:35  Extractor  
  25  2:39  Drone x2  
  25  2:40  Drone  
  28  2:56  Drone x3  
  28  2:57  Lair  
  31  3:11  Drone x2  
  33  3:17  Overlord  
  33  3:18  Drone  
  34  3:22  Roach Warren  
  34  3:26  Drone x2  
  34  3:27  Drone  
  36  3:51  Drone  
  36  3:52  Drone x2  
  40  3:55  Drone  
  40  3:56  Drone x4, Overlord  
  43  4:09  Pneumatized Carapace  
  43  4:12  Glial Reconstitution  
  43  4:18  Drone  
  43  4:19  Drone x5  
  43  4:22  Extractor  
  43  4:23  Extractor  
  47  4:34  Queen  
  49  4:50  Drone x2  
  49  4:51  Overlord x4  
  51  5:09  Queen  
  53  5:16  Drone  
  53  5:17  Drone x7  
  61  5:37  Hatchery  
  60  5:53  Overlord x3  
  60  5:54  Overlord  
  60  5:56  Tunneling Claws  
  60  5:59  Burrow  
  60  6:03  Roach x4  
  68  6:04  Roach  
  68  6:09  Roach  
  68  6:10  Roach  
  74  6:27  Roach x5  
  84  6:34  Roach x3  
  84  6:35  Roach  
  92  6:40  Roach  
  92  6:45  Roach  
  95  6:53  Baneling Nest  
  94  7:01  Evolution Chamber  
  93  7:02  Evolution Chamber  
  93  7:07  Roach x9  
  93  7:08  Roach  
  112  7:22  Drone, Overlord  
  113  7:23  Overlord x2  
  113  7:29  Zerg Missile Weapons Level 1  
  113  7:30  Zerg Ground Armor Level 1  
  113  7:36  Overlord x4  
  113  7:43  Roach x6  
  113  7:44  Roach x3  
  131  7:53  Roach x23  
  107  8:21  Roach  
  107  8:22  Roach x14  
  113  8:52  Drone x4  
  113  8:53  Drone x5  
  116  9:04  Roach  
  116  9:05  Roach x2  
  122  9:12  Infestation Pit  
  122  9:16  Roach  
  123  9:22  Centrifical Hooks  
  123  9:42  Roach  
  123  9:43  Roach x14  
  153  10:05  Extractor x2  
  151  10:10  Hatchery  
  151  10:12  Drone x5  
  155  10:17  Hatchery  
  154  10:30  Swarm Host x5  
  169  10:35  Overlord  
  169  10:36  Overlord x2  
  169  10:44  Overlord x3  
  169  10:45  Overlord  
  169  10:46  Overlord  
  93  11:35  Drone  
  93  11:36  Swarm Host, Drone x10  
  93  11:37  Swarm Host x4  
  93  11:38  Roach  
  93  11:39  Roach x10  
  141  11:43  Hive  
  141  11:46  Zerg Melee Weapons Level 1, Zerg Ground Armor Level 2  
  141  12:25  Roach x7  
  141  12:26  Roach x14  
  183  12:35  Extractor  
  182  12:37  Extractor  
  182  12:40  Roach  
  182  12:41  Roach x7  
  197  12:53  Roach  
  125  14:07  Zergling x20  
  125  14:08  Zergling x60  
  165  14:11  Zergling x2  
  166  14:24  Spire  
  149  14:56  Zergling x24  
  149  14:57  Zergling x18  
Tags
 
Composition
MechSwarm Host
Matchup
TvZ
Replay Pack
sc2 replays
Spawn Locations
Cross Positions
Add a new tag
Caveats
  • Supply blocks, unpowered buildings, or Contaminate may cause inaccurate times.
  • Supply counts are checked every 10 seconds.